 Dungeon Crawl Stone Soup version 0.32-a0-39-g5c88369fb2 (webtiles) character file.

Game seed: 16596511640102035800

123545 Ge0ff the Thaumaturge (level 16, -3/119 HPs)
             Began as a Mummy Cinder Acolyte on Jan 29, 2024.
             Was a Priest of Ignis.
             Slain by a crystal guardian (21 damage)
             ... on level 15 of the Dungeon on Jan 30, 2024.
             The game lasted 01:39:24 (59250 turns).

Ge0ff the Thaumaturge (Mummy Cinder Acolyte)       Turns: 59250, Time: 01:39:25

Health: -3/119     AC: 15    Str: 21    XL:     16   Next: 37%
Magic:  0/33       EV: 13    Int: 23    God:    Ignis [***...]
Gold:   616        SH:  5    Dex:  9    Spells: 9/41 levels left

rFire   . . .        a - staff of cold
rCold   + + .        (no shield)
rNeg    + + +        L - +1 robe of Vines {NoPotionHeal Regen++++}
rPois   ∞            G - +1 helmet
rElec   .            D - +0 cloak
rCorr   .            n - +2 pair of gloves {Stlth+}
SInv    .            W - +0 pair of boots
Will    ++...        l - amulet of reflection
Stlth   +++          A - ring of wizardry
HPRegen 3.59/turn    X - ring "Voaz" {AC+4 Str+3 Int+4, =R}
MPRegen 0.23/turn

%: reflection, faith, wizardry (x1)
@: very slightly contaminated
A: cold resistance 1, negative energy resistance 3, torment resistance 2, heat
vulnerability 1, in touch with death 2, no potions, faith
a: Renounce Religion, Fiery Armour, Foxfire Swarm, Rising Flame


You were on level 15 of the Dungeon.
You worshipped Ignis.
Ignis was most pleased with you.
You visited 4 branches of the dungeon, and saw 23 of its levels.

You collected 2455 gold pieces.
You spent 1839 gold pieces at shops.

Inventory:

Hand Weapons
 b - a +4 spear of venom
 p - a +2 dagger of distortion
 s - the +8 demon blade "Leech" {evervamp, Harm ^Drain rN+}
   (You took it off a centaur warrior on level 10 of the Dungeon)

   rN+:       It protects you from negative energy.
   ^Drain:    It drains your maximum health when unequipped.
   Harm:      It increases damage dealt and taken.
 x - the +8 short sword of Equilibrium {freeze, MP-9 Dex+8}
   (You took it off an orc warrior on level 10 of the Dungeon)

   Dex+8:     It affects your dexterity (+8).
   MP-9:      It affects your magic capacity (-9).
 z - a +4 scimitar of flaming
 H - the +11 dagger "Nefyq" {protect, ^Drain rF+ rN+ Str+7}
   (You found it on level 4 of the Dungeon)

   Str+7:     It affects your strength (+7).
   rF+:       It protects you from fire.
   rN+:       It protects you from negative energy.
   ^Drain:    It drains your maximum health when unequipped.
 M - a +1 dagger of electrocution
Missiles
 g - a throwing net {=F}
 o - 6 silver javelins
 t - 8 javelins
 u - 4 atropa-tipped darts
 v - 9 curare-tipped darts {=F}
 w - 3 darts of dispersal
 R - 11 boomerangs
Armour
 h - an orb of guile
 n - a +2 pair of gloves of stealth (worn)
 D - a +0 cloak (worn)
 G - a +1 helmet (worn)
 L - the +1 robe of Vines (worn) {NoPotionHeal Regen++++}
   (You bought it in a shop on level 2 of the Orcish Mines)

   NoPotionHeal: Its wearer cannot be healed by potions.
   Regen++++: It increases your rate of health regeneration.
 Q - a +1 ring mail of willpower
 W - a +0 pair of boots (worn)
Magical Staves
 a - a staff of cold (weapon)
 Y - a staff of conjuration
Jewellery
 c - a ring of see invisible
 l - an amulet of reflection (around neck)
 q - the ring of Undoing {MP+9 Dex+4}
   (You took it off an ogre mage on level 15 of the Dungeon)

   [ring of magical power]

   Dex+4:     It affects your dexterity (+4).
   MP+9:      It affects your magic capacity (+9).
 r - the ring "Ciuczef" {rN+ Dex+8}
   (You took it off a centaur warrior on level 10 of the Dungeon)

   [ring of positive energy]

   Dex+8:     It affects your dexterity (+8).
   rN+:       It protects you from negative energy.
 A - a ring of wizardry (left hand)
 E - a ring of flight
 K - a ring of wizardry
 O - a +5 ring of evasion
 X - the ring "Voaz" (right hand) {AC+4 Str+3 Int+4, =R}
   (You took it off a deep elf pyromancer on level 10 of the Dungeon)

   [ring of protection]

   AC+4:      It affects your AC (+4).
   Str+3:     It affects your strength (+3).
   Int+4:     It affects your intelligence (+4).
Wands
 d - a wand of digging (7)
 f - a wand of flame (16)
 k - a wand of iceblast (7)
 P - a wand of polymorph (4)
Scrolls
 e - a scroll of enchant armour
 i - 6 scrolls of identify
 m - 2 scrolls of revelation
 y - 3 scrolls of immolation
 B - 4 scrolls of blinking
 C - a scroll of poison
 F - 6 scrolls of fog
 I - 3 scrolls of enchant weapon
 J - a scroll of silence {!r}
 N - a scroll of brand weapon
 S - a scroll of summoning
 T - 18 scrolls of teleportation
 V - 6 scrolls of vulnerability
 Z - a scroll of torment
Miscellaneous
 U - a phantom mirror (inert)


   Skills:
 - Level 8.9 Fighting
 - Level 3.0 Polearms
 - Level 1.0 Throwing
 - Level 5.0 Armour
 - Level 5.0 Dodging
 - Level 3.0 Stealth
 - Level 13.0 Spellcasting
 + Level 9.6 Conjurations
 - Level 10.3 Fire Magic
 - Level 7.0 Ice Magic
 - Level 9.7 Air Magic
 * Level 6.8 Earth Magic
 - Level 9.0 Alchemy
 - Level 3.0 Evocations


You had 9 spell levels left.
You knew the following spells:

 Your Spells              Type           Power      Damage    Failure   Level
e - Irradiate             Conj/Alch      27%        3d20      1%          5
m - Bombard               Conj/Erth      26%        9d5       9%          6
n - Plasma Beam           Fire/Air       28%        2x1d41    4%          6
s - Freezing Cloud        Conj/Ice/Air   35%        6-21      1%          5
w - Passwall              Erth           46%        N/A       1%          3
C - Scorch                Fire           100%       2d9       1%          2
E - Arcjolt               Conj/Air       28%        1d38      1%          5

Your spell library contained the following spells:

 Spells                   Type           Power      Damage    Failure   Level
 Cigotuvi's Dreadful Rot  Necr/Alch/Air  100%       N/A       1%          2
 Ensorcelled Hibernation  Hex/Ice        92%        N/A       1%          2
 Inner Flame              Hex/Fire       38%        N/A       1%          3
 Swiftness                Air            56%        N/A       1%          3
 Ignite Poison            Fire/Alch      56%        N/A       1%          4
 Iskenderun's Battlesphe  Conj           56%        2d11      1%          5
 Jinxbite                 Hex            28%        N/A       2%          2
 Vhi's Electric Charge    Tloc/Air       74%        N/A       2%          4
 Gell's Gravitas          Tloc           14%        N/A       4%          3
 Teleport Other           Tloc           14%        N/A       4%          3
 Tukima's Dance           Hex            14%        N/A       4%          3
 Yara's Violent Unravell  Hex/Alch       17%        3d8       8%          5
 Anguish                  Hex/Necr       16%        N/A       16%         4
 Cause Fear               Hex            7%         N/A       16%         4
 Passage of Golubria      Tloc           14%        N/A       16%         4
 Ignition                 Fire           29%        3d9       80%         8
 Spellforged Servitor     Conj/Summ      18%        N/A       86%         7
 Dispersal                Tloc           7%         N/A       91%         6
 Enfeeble                 Hex            7%         N/A       100%        7


Dungeon Overview and Level Annotations

Branches:
Dungeon (15/15) Zot: 22982  Temple (1/1) D:4 Zot: 5974    Lair (5/5) D:8 Zot: 15888
  Swamp (0/4) Lair:2        Snake (0/4) Lair:3        Slime (0/5) Lair:4
    Orc (2/2) D:9 Zot: 7377     Elf (0/3) Orc:2        Vaults (0/5) D:14
 Depths: D:15

Altars:
Ashenzari
Cheibriados
Dithmenos
Fedhas
Gozag
Hepliaklqana
Kikubaaqudgha
Makhleb
Nemelex Xobeh
Okawaru
Qazlal
Ru
Sif Muna
Trog
Uskayaw
Vehumet
Wu Jian
Xom
Yredelemnul

Shops:
D:13 (   Orc:1 ?   Orc:2 [(!?

Annotations:
D:9 (apport), exclusions: obsidian statue and orange crystal statue


Innate Abilities, Weirdness & Mutations

You are immune to poison.
Your flesh is cold resistant. (rC+)
You are immune to negative energy. (rN+++)
You are immune to unholy pain and torment.
You are vulnerable to heat. (rF-)
You are strongly in touch with the powers of death.
You do not drink.
You have a special connection with the divine. (Faith)


Message History

Casting: Bombard (dangerous; 9% risk of failure)
Confirm with . or Enter, or press ? or * to list all spells.
Aiming: Bombard (dangerous; 9% risk of failure)
Press: ? - help, Shift-Dir - straight line, f/p - crystal guardian
Aim: a crystal guardian (heavily damaged, 100% to hit)
You miscast Bombard.
You are very lightly contaminated with residual magic.
Nothing appears to happen.
Casting: Bombard (dangerous; 9% risk of failure)
Confirm with . or Enter, or press ? or * to list all spells.
Aiming: Bombard (dangerous; 9% risk of failure)
Press: ? - help, Shift-Dir - straight line, f/p - crystal guardian
Aim: a crystal guardian (heavily damaged, 100% to hit)
The iron shot hits the crystal guardian!
The crystal guardian is severely damaged.
The blast sends you backwards.
The crystal guardian fires a crystalline bolt at you.
The crystal bolt freezes you! You resist.
You see here a +0 short sword.
Aiming: Quicksilver Bolt
Press: ? - help, Shift-Dir - straight line, f/p - crystal guardian
Aim: a crystal guardian (severely damaged, 100% to hit)
The bolt of dispelling energy hits the crystal guardian but does no damage.
The crystal guardian is severely damaged.
The now-empty wand crumbles to dust.
The crystal guardian hits you!
Aiming: Phantom Mirror
Press: ? - help, Dir - move target, f/p - crystal guardian
Aim: a crystal guardian (severely damaged)
You reflect the crystal guardian with the mirror!
The mirror clouds!
The crystal guardian fires a crystalline bolt at you.
The crystal bolt burns you!!!
* * * LOW HITPOINT WARNING * * *
Your crystal guardian hits the crystal guardian but does no damage.
Casting: Bombard (dangerous; 9% risk of failure)
Confirm with . or Enter, or press ? or * to list all spells.
You can't see any susceptible monsters within range! (Use Z to cast anyway.)
Casting: Bombard (dangerous; 9% risk of failure)
Confirm with . or Enter, or press ? or * to list all spells.
Okay, then.
Casting: Irradiate (mildly dangerous; 1% risk of failure)
Confirm with . or Enter, or press ? or * to list all spells.
You erupt in a fountain of uncontrolled magic!
Your crystal guardian is blasted with magical radiation!!!
You destroy your crystal guardian!
Your crystal guardian shimmers and vanishes!
The crystal guardian is blasted with magical radiation!!
The crystal guardian is almost destroyed.
The crystal guardian hits you!!
You die...

###...#####..)#
..........#...#
≈...≈...#...#
.........)#
###...##.## ).'..
#.[.# #9#. #..[#
..' #9..#
#######@..#####
#...[.......#
#.<[..≈...≈.#
#...........#
#####...##.## #
#...#...# .#
#.⌠.≈)≈.# ..#
#.!.#)..# ...##
#########.[.#####


You could see a crystal guardian.

Vanquished Creatures
  Nessos (D:15)
  A minotaur (Orc:2)
  Azrael (Orc:2)
  The ghost of sanka the Spry, a journeyman FeSh of Uskayaw (Orc:2)
  A crystal guardian (D:15)
  Snorg (Orc:2)
  2 fire dragons
  Josephine (Orc:1)
  Fannar (D:11)
  Harold (D:9)
  4 ogre magi
  8 centaur warriors
  5 boulder beetles
  3 two-headed ogres
  Erica (D:10)
  A catoblepas (D:12)
  A death knight (D:14)
  4 hydras
  9 death yaks
  3 orc high priests (Orc:2)
  Urug (Orc:1)
  2 tengu warriors
  A naga sharpshooter (D:15)
  Sonja (Orc:2)
  4 deep elf knights (D:15)
  A fire crab (shapeshifter) (D:9)
  2 skeletal warriors (D:14)
  A sixfirhy (D:14)
  A fire crab (D:15)
  A goliath frog (Lair:5)
  4 skysharks
  4 arcanists
  9 orc knights
  3 deep elf zephyrmancers
  11 ugly things
  6 deep elf pyromancers
  An orc sorcerer (Orc:2)
  2 salamanders (D:15)
  3 manticores (D:14)
  An oklob plant (Lair:4)
  10 cyclopes
  A will-o-the-wisp (Lair:2)
  Maurice (D:9)
  2 kobold blastminers
  5 black mambas
  2 torpor snails
  A rust devil (D:14)
  11 gargoyles
  28 cane toads
  3 kobold demonologists
  2 freezing wraiths
  Jeremiah (Lair:1)
  A yaktaur (shapeshifter) (D:15)
  4 centaur skeletons (D:14)
  4 yaktaurs (D:14)
  6 rime drakes
  8 komodo dragons
  A queen bee (shapeshifter) (D:14)
  A troll (shapeshifter) (D:14)
  2 tyrant leeches (Lair:5)
  A queen bee (D:9)
  2 polar bears
  2 trolls
  Grinder (D:4)
  35 blink frogs
  A raiju (shapeshifter) (D:15)
  2 hornets (D:10)
  Prince Ribbit (D:5)
  14 dream sheep (Lair:4)
  A glass eye (D:14)
  2 shadows (D:12)
  Sigmund (D:4)
  2 water elementals (D:15)
  4 vampires
  14 slime creatures
  4 wyverns
  A fire elemental (Orc:2)
  Grum (D:10)
  42 yaks
  5 wraiths
  A golden eye (shapeshifter) (D:14)
  4 basilisks
  A steam dragon (D:7)
  3 wargs
  2 chaos spawn (D:10)
  Menkaure (D:5)
  14 vampire mosquitoes
  An acid dragon (D:14)
  17 water moccasins
  Duvessa (D:6)
  5 hell hounds (Orc:2)
  11 black bears
  An ogre (shapeshifter) (D:15)
  20 orc warriors
  A laughing skull (D:14)
  4 ogres
  9 wolves
  7 centaurs
  A centaur (shapeshifter) (D:15)
  2 phantoms
  7 kobold brigands
  7 earth elementals (D:12)
  26 bullfrogs
  2 gnoll sergeants
  5 scorpions
  9 wights
  Dowan (D:6)
  34 killer bees
  2 vampire bats (Lair:4)
  4 electric eels
  4 howler monkeys
  3 bombardier beetles
  8 orc priests
  2 hounds
  2 gnoll boudas (D:7)
  A jelly (Lair:4)
  3 iguanas
  Ijyb (D:4)
  Terence (D:2)
  2 sleepcaps
  20 orc wizards
  Robin (D:4)
  26 gnolls
  19 adders
  3 white imps
  3 ribbon worms
  48 orcs
  10 ball pythons
  7 endoplasms
  3 giant cockroaches
  16 goblins
  7 hobgoblins
  24 kobolds
  5 quokkas
  12 bats
  4 frilled lizards
  5 rats
782 creatures vanquished.

Vanquished Creatures (others)
  2 orc priests (Orc:2)
  2 orc wizards (Orc:2)
  An orc (Orc:2)
  43 foxfires (D:4)
48 creatures vanquished.

Grand Total: 830 creatures vanquished

Notes
Turn   | Place    | Note
-------+----------+-------------------------------------------
     0 | D:1      | Ge0ff the Mummy Cinder Acolyte began the quest for the Orb.
     0 | D:1      | Reached XP level 1. HP: 18/18 MP: 2/2
   171 | D:1      | Reached skill level 1 in Stealth
   370 | D:1      | Reached XP level 2. HP: 24/24 MP: 4/4
   373 | D:1      | Learned a level 2 spell: Scorch
  1180 | D:2      | Reached XP level 3. HP: 29/29 MP: 0/5
  1736 | D:2      | Noticed Terence
  1746 | D:2      | Reached skill level 2 in Spellcasting
  2356 | D:2      | Reached XP level 4. HP: 35/35 MP: 0/7
  4216 | D:3      | Reached XP level 5. HP: 41/41 MP: 5/8
  4727 | D:3      | Reached skill level 3 in Spellcasting
  5166 | D:4      | Identified the +11 dagger "Nefyq" {protect, ^Drain rF+ rN+
                  | Str+7}
  5274 | D:4      | Noticed Sigmund
  5347 | D:4      | Found a staircase to the Ecumenical Temple.
  5361 | D:4      | Reached skill level 1 in Armour
  5361 | D:4      | Reached skill level 1 in Dodging
  5361 | D:4      | Reached XP level 6. HP: 47/47 MP: 7/10
  5532 | D:3      | Reached skill level 5 in Fire Magic
  5661 | D:4      | Killed Sigmund
  5662 | D:4      | Reached XP level 7. HP: 51/52 MP: 8/12
  5724 | D:4      | Noticed Robin
  5743 | D:4      | Killed Robin
  5930 | D:4      | Identified the +0 flail "Xitsusur" {antimagic, rF+ rN+
                  | Str+2}
  5956 | D:4      | Noticed Grinder
  5986 | D:4      | Noticed Ijyb
  5992 | D:4      | Killed Ijyb
  6170 | D:4      | Noticed a +0 dagger
  6172 | D:4      | Noticed a +0 hand axe
  6176 | D:4      | Found a hide-covered altar of Uskayaw.
  6397 | D:5      | Entered Level 5 of the Dungeon
  6493 | D:5      | Reached skill level 4 in Spellcasting
  6663 | Temple   | Found a transporter.
  6663 | Temple   | Found a transporter.
  6663 | Temple   | Found a transporter.
  6663 | Temple   | Found a transporter.
  6663 | Temple   | Entered the Ecumenical Temple
  7361 | D:5      | Noticed Menkaure
  7361 | D:5      | Noticed Prince Ribbit
  7379 | D:5      | Killed Prince Ribbit
  7380 | D:5      | Reached XP level 8. HP: 58/58 MP: 5/14
  7444 | D:5      | Killed Menkaure
  7527 | D:5      | Learned a level 5 spell: Irradiate
  7566 | D:5      | Found an iron altar of Okawaru.
  7736 | D:5      | You fall into a shaft and drop 3 floors!
  8306 | D:8      | Reached skill level 1 in Alchemy
  8342 | D:8      | Reached skill level 1 in Conjurations
  8412 | D:8      | Reached skill level 5 in Spellcasting
  9063 | D:8      | Noticed a komodo dragon
  9071 | D:8      | Killed a komodo dragon
  9282 | D:8      | Reached XP level 9. HP: 64/64 MP: 10/17
  9611 | D:7      | Found a broken altar of Ashenzari.
 10774 | D:2      | Killed Terence
 10879 | D:4      | Paralysed by Grinder for 5 turns
 10886 | D:4      | Killed Grinder
 10887 | D:4      | Reached skill level 6 in Spellcasting
 11150 | D:6      | Noticed Dowan
 11171 | D:6      | Noticed Duvessa
 11261 | D:6      | Killed Duvessa
 11264 | D:6      | Killed Dowan
 12954 | D:7      | Found a shimmering altar of Xom.
 13970 | D:8      | Reached XP level 10. HP: 70/70 MP: 11/20
 14264 | D:8      | Reached skill level 5 in Conjurations
 14264 | D:8      | Reached skill level 5 in Alchemy
 14341 | D:8      | Reached skill level 7 in Spellcasting
 14669 | D:8      | Found a staircase to the Lair.
 14964 | D:8      | Found a staircase to the Lair.
 16216 | D:9      | Found a runed translucent door.
 16232 | D:9      | Noticed an obsidian statue
 16493 | D:9      | Found a bloodstained altar of Trog.
 16518 | D:9      | Found a runed translucent door.
 16797 | D:9      | Found a runed translucent door.
 16803 | D:9      | Noticed Maurice
 16810 | D:9      | Found a runed translucent door.
 17400 | D:9      | Found a blossoming altar of Fedhas.
 17465 | D:9      | Found a stormy altar of Qazlal.
 17773 | D:9      | Reached skill level 8 in Spellcasting
 17872 | D:9      | Noticed an orange crystal statue
 18108 | D:9      | Noticed Harold
 18109 | D:9      | Noticed a two-headed ogre
 18114 | D:9      | Killed Harold
 18114 | D:9      | Killed a two-headed ogre
 18115 | D:9      | Reached XP level 11. HP: 34/77 MP: 7/23
 18389 | D:9      | Killed Maurice
 18997 | D:9      | Found a staircase to the Orcish Mines.
 19564 | D:9      | Learned a level 5 spell: Freezing Cloud
 19636 | D:10     | Entered Level 10 of the Dungeon
 19770 | D:10     | Found an ancient bone altar of Kikubaaqudgha.
 19827 | D:10     | Identified the ring "Voaz" {AC+4 Str+3 Int+4}
 19827 | D:10     | Noticed a deep elf pyromancer
 19994 | D:10     | Killed a deep elf pyromancer
 19995 | D:10     | Reached skill level 1 in Ice Magic
 19995 | D:10     | Reached skill level 1 in Air Magic
 20110 | D:10     | Noticed a deep elf pyromancer
 20117 | D:10     | Killed a deep elf pyromancer
 20293 | D:10     | Noticed a boulder beetle
 20304 | D:10     | Killed a boulder beetle
 20342 | D:10     | Noticed Erica
 20347 | D:10     | Killed Erica
 20411 | D:10     | Noticed an orc knight
 20425 | D:10     | Killed an orc knight
 20426 | D:10     | Reached skill level 1 in Throwing
 20442 | D:10     | Noticed a fire crab
 20460 | D:9      | Killed a fire crab
 20574 | D:10     | Identified the +8 short sword of Equilibrium {freeze, MP-9
                  | Dex+8}
 20574 | D:10     | Identified the +5 scale mail "Caang" {rF- Str+2 Dex+3}
 20980 | D:10     | Identified the ring "Ciuczef" {rN+ Dex+8}
 20980 | D:10     | Noticed a centaur warrior
 21791 | D:10     | Killed a centaur warrior
 21792 | D:10     | Reached XP level 12. HP: 52/83 MP: 8/24
 21956 | D:10     | Noticed Grum
 21960 | D:10     | Killed Grum
 21961 | D:10     | Reached skill level 5 in Ice Magic
 21961 | D:10     | Reached skill level 5 in Air Magic
 22313 | D:10     | Noticed a centaur warrior
 22319 | D:10     | Killed a centaur warrior
 22320 | D:10     | Reached skill level 1 in Evocations
 23335 | D:10     | Noticed a six-headed hydra
 23341 | D:10     | Killed a six-headed hydra
 23342 | D:10     | Reached skill level 5 in Fighting
 23718 | D:10     | Noticed a fire dragon
 24206 | D:10     | Found a shimmering altar of Xom.
 24207 | D:10     | Found the +7 mace of Variability {chaos, chaos arc}
 24635 | D:10     | Reached skill level 9 in Spellcasting
 24642 | D:10     | Killed a fire dragon
 25478 | D:10     | Found an ancient bone altar of Kikubaaqudgha.
 25552 | D:10     | Found a shimmering altar of Xom.
 25799 | D:11     | Noticed a two-headed ogre
 25804 | D:11     | Killed a two-headed ogre
 26321 | D:11     | Noticed Fannar
 26327 | D:11     | Killed Fannar
 26568 | D:11     | Noticed a boulder beetle
 26575 | D:11     | Killed a boulder beetle
 27570 | Lair:1   | Entered Level 1 of the Lair of Beasts
 27778 | Lair:1   | Noticed a boulder beetle
 27787 | Lair:1   | Killed a boulder beetle
 28125 | Lair:1   | Gained mutation: You are strongly in touch with the powers
                  | of death. [Mummy growth]
 28125 | Lair:1   | Reached XP level 13. HP: 85/91 MP: 13/26
 28436 | Lair:1   | Reached skill level 10 in Spellcasting
 28602 | Lair:1   | Noticed Jeremiah
 28607 | Lair:1   | Killed Jeremiah
 29493 | Lair:2   | Learned a level 6 spell: Plasma Beam
 29502 | Lair:2   | Learned a level 5 spell: Arcjolt
 31064 | Lair:2   | Found a staircase to the Swamp.
 31752 | Lair:2   | Found a staircase to the Swamp.
 32015 | Lair:3   | Found a staircase to the Snake Pit.
 32482 | Lair:3   | Identified the +3 helmet of Duekket {Harm rF- Int+3}
 34759 | Lair:4   | Identified the +1 halberd of Feeding Anguish {heavy, rF+++
                  | rC- rN+ Dex-3}
 34831 | Lair:4   | Reached XP level 14. HP: 85/101 MP: 0/28
 35406 | Lair:4   | Reached skill level 11 in Spellcasting
 36171 | Lair:4   | Found a staircase to the Slime Pits.
 36650 | Lair:5   | Entered Level 5 of the Lair of Beasts
 41571 | Orc:1    | Entered Level 1 of the Orcish Mines
 41855 | Orc:2    | Entered Level 2 of the Orcish Mines
 41856 | Orc:2    | Found a staircase to the Elven Halls.
 41916 | Orc:2    | Noticed Snorg
 41955 | Orc:2    | Noticed Sonja
 42848 | Orc:2    | Killed Snorg
 42859 | Orc:2    | Killed Sonja
 43030 | Orc:2    | Noticed Azrael
 43035 | Orc:2    | Killed Azrael
 43232 | Orc:1    | Noticed Urug
 43234 | Orc:1    | Noticed Josephine
 43794 | Orc:1    | Reached XP level 15. HP: 108/108 MP: 23/30
 43796 | Orc:1    | Killed Urug
 44221 | Orc:1    | Killed Josephine
 44314 | Orc:1    | Found Peda's Magic Scroll Shoppe.
 44322 | Orc:1    | Bought a scroll of enchant armour for 112 gold pieces
 44322 | Orc:1    | Bought a scroll of fog for 60 gold pieces
 44322 | Orc:1    | Bought a scroll of poison for 60 gold pieces
 44322 | Orc:1    | Bought a scroll of summoning for 142 gold pieces
 44322 | Orc:1    | Bought a scroll of vulnerability for 60 gold pieces
 44322 | Orc:1    | Bought a scroll of teleportation for 45 gold pieces
 44554 | Orc:2    | Found the +11 plutonium sword {^Contam Stlth-}
 44554 | Orc:2    | Noticed sanka's ghost (journeyman FeSh)
 44574 | Orc:2    | Found a runed translucent gate.
 44574 | Orc:2    | Found a runed translucent gate.
 44574 | Orc:2    | Found a runed translucent gate.
 45085 | Orc:2    | Killed sanka's ghost
 45588 | Orc:2    | Reached skill level 12 in Spellcasting
 46374 | Orc:2    | Reached skill level 5 in Dodging
 46506 | Orc:2    | Found Upnu's Armour Boutique.
 46506 | Orc:2    | Found Yffonn's Magic Scroll Emporium.
 46508 | Orc:2    | Found Amin's Weapon Boutique.
 46508 | Orc:2    | Found Liung's Distillery.
 46539 | Orc:2    | Bought the +1 robe of Vines {NoPotionHeal Regen++++} for
                  | 1360 gold pieces
 46539 | Orc:2    | Found the +1 robe of Vines {NoPotionHeal Regen++++}
 46567 | Orc:2    | Learned a level 3 spell: Passwall
 46931 | D:12     | Learned a level 6 spell: Bombard
 47532 | D:12     | Reached skill level 5 in Armour
 48813 | D:12     | Reached skill level 1 in Earth Magic
 49715 | D:13     | Found Tama's Weapon Boutique.
 50653 | D:14     | Reached skill level 10 in Fire Magic
 51875 | D:14     | Found a broken altar of Ashenzari.
 55024 | D:14     | Found a gate to the Vaults.
 55257 | D:15     | Entered Level 15 of the Dungeon
 55401 | D:14     | Reached XP level 16. HP: 95/119 MP: 15/32
 55486 | D:14     | Reached skill level 13 in Spellcasting
 56064 | D:15     | Reached skill level 5 in Earth Magic
 57344 | D:15     | Noticed Nessos
 57349 | D:15     | Killed Nessos
 58387 | D:15     | Identified the ring of Undoing {MP+9 Dex+4}
 59250 | D:15     | Slain by a crystal guardian

Illustrated notes

Levels and vault maps discovered:
D:1:      shiori_shiawase, layout_loops_corners
D:2:      layout_basic, uniq_terence
D:3:      layout_rooms, minmay_snake_closets
D:4:      layout_rooms, kennysheep_little_box, dancing_weapons_uskayaw,
          minmay_temple_entry_sparse_star, uniq_sigmund, uniq_grinder,
          uniq_ijyb, uniq_robin
D:5:      layout_basic, okawaru_metal_pillars_1_2, kennysheep_generic_room_6,
          uniq_menkaure, uniq_prince_ribbit1
D:6:      layout_basic, eino_curves_02, uniq_duvessa
D:7:      layout_basic, amcnicky_altar_gilded,
          mainiacjoe_overflow_six_doors_small, serial_curves, eino_curves_02,
          eino_curves_01, eino_curves_04, eino_curves_04
D:8:      layout_basic, due_lair_maze_entry_diamond
D:9:      layout_roguey [special_room_bee], fedhas_altar_1,
          mainiacjoe_overflow_catwalk, bloody_trog, orc_0_dummy, minivault_15,
          minmay_statue_crystal_thing, uniq_harold, uniq_maurice
D:10:     minmay_the_grid_octo_tiled_octocenter [minmay_the_grid_octo_horde,
          minmay_the_grid_octo_teeth, minmay_the_grid_octo_toaster,
          minmay_the_grid_octo_pinwheel,
          minmay_the_grid_octo_prize_square_snowflake,
          minmay_the_grid_square_5x5_spiral, minmay_the_grid_square_5x5_n_small,
          minmay_the_grid_square_5x5_sharp_hourglass,
          minmay_the_grid_square_5x5_minimal], layout_loops_ring,
          mainiacjoe_overflow_tiny_flanked, minmay_guarded_unrand_variability,
          uniq_erica, uniq_grum
D:11:     layout_gridville, st_stairs_8, uniq_fannar
D:12:     layout_gridville, minmay_misc_feat_alley, hangedman_cracks_in_the_wall
D:13:     layout_long_grid, serial_shops, shop, minmay_misc_feat_columns,
          minmay_misc_feat_plants, minmay_misc_feat_secret_circle
D:14:     layout_irregular_city, hangedman_vaults_entry_quadrant_bands,
          evilmike_ruin_ashenzari, onia_ninara_cookie
D:15:     hangedman_crystal_crosses_colossus [crystal_crosses_arms_four,
          crystal_crosses_arms_two, crystal_crosses_arms_one], uniq_nessos
Temple:   hellmonk_temple_divided_pantheon
Lair:1:   layout_roguey, lemuel_fruit_tree, uniq_jeremiah
Lair:2:   layout_big_grid, minmay_swamp_entry_wisps, serial_bayou,
          serial_bayou_shore_a, serial_bayou_lagoon_a, serial_bayou_crossing,
          serial_bayou_pond_b, beast_lair_carwin_5, infiniplex_staircase_pool
Lair:3:   layout_misc_corridors, dummy_snake_entry,
          chequers_serial_rivers_room_b
Lair:4:   layout_layer_cave, minmay_slime_entry_pillars, roderic_batcave,
          chequers_serial_rivers_micro_d
Lair:5:   minmay_lair_end_frog_pond, layout_small_grid
Orc:1:    layout_caves, serial_shops, shop, uniq_josephine, uniq_urug
Orc:2:    grunt_orc_tribal_feast, layout_diamond_mine,
          maelrawn_ghost_gauntlet_escape, uniq_sonja, uniq_azrael, uniq_snorg

Skill      XL: |  1  2  3  4  5  6  7  8  9 10 11 12 13 14 15 16 |
---------------+-------------------------------------------------+-----
Stealth        | 1 2 3 |  3.0
Spellcasting   | 2 3 4 5 6 8 9 10 11 12 13 | 13.0
Fire Magic     | 3 4 5 7 8 9 10 | 10.3
Polearms       | 3 |  3.0
Armour         | 1 2 3 4 5 |  5.0
Dodging        | 1 2 3 4 5 |  5.0
Alchemy        | 2 4 6 7 8 9 |  9.0
Conjurations   | 2 4 6 7 8 9 |  9.6
Fighting       | 4 5 6 7 8 |  8.9
Ice Magic      | 4 6 7 |  7.0
Air Magic      | 4 6 7 8 9 |  9.7
Throwing       | 1 |  1.0
Evocations     | 3 |  3.0
Earth Magic    | 4 6 |  6.8

Action                     |  1- 3 |  4- 6 |  7- 9 | 10-12 | 13-15 | 16-18 || total
---------------------------+-------+-------+-------+-------+-------+-------++-------
  Melee: Spear             |    51 |    16 |     4 |    39 |    10 |       ||   120
         Staff             |       |       |       |     4 |    69 |     1 ||    74
         Punch             |       |       |       |       |     1 |       ||     1
  Throw: Stone             |     4 |       |    10 |    16 |       |       ||    30
         Dart              |       |     3 |     1 |     7 |     5 |       ||    16
         Throwing net      |       |       |       |     4 |     1 |       ||     5
         Boomerang         |       |       |       |       |     1 |       ||     1
         Javelin           |       |       |       |       |     1 |       ||     1
   Cast: Scorch            |    33 |    86 |   210 |   195 |    56 |       ||   580
         Irradiate         |       |       |       |   108 |   120 |    24 ||   252
         Freezing Cloud    |       |       |       |    19 |    46 |       ||    65
         Arcjolt           |       |       |       |       |   102 |       ||   102
         Plasma Beam       |       |       |       |       |   280 |    80 ||   360
         Bombard           |       |       |       |       |     2 |     7 ||     9
 Invoke: Foxfire Swarm     |       |     1 |     2 |       |       |       ||     3
         Fiery Armour      |       |       |     1 |       |       |       ||     1
  Evoke: Wand              |       |       |     3 |    20 |    18 |     2 ||    43
         Phantom mirror    |       |       |       |       |     1 |     1 ||     2
    Use: Scroll            |       |     3 |     3 |    11 |     8 |       ||    25
 Armour: Robe              |    21 |    30 |    69 |       |    91 |    47 ||   258
         Steam dragon scal |       |       |    20 |   200 |   250 |       ||   470
         Troll leather arm |       |       |       |       |    17 |       ||    17
  Dodge: Dodged            |    28 |    24 |    46 |   116 |   214 |    18 ||   446
  Block: Other             |       |       |       |       |    11 |     7 ||    18
         Reflection        |       |       |       |       |     3 |       ||     3

Table legend: (Time is in decaauts)
 A = Elapsed time spent in this place.
 B = Non-inter-level travel time spent in this place.
 C = Inter-level travel time spent in this place.
 D = Time resting spent in this place.
 E = Time spent auto-exploring this place.
 F = Levels seen in this place.
 G = Mean time per level.
                   A        B        C        D        E       F      G
               +--------+--------+--------+--------+--------+-----+--------+
         Total |  59506 |  57297 |   2209 |  17409 |  31924 |  23 | 2587.2 |
       Dungeon |  40746 |  39458 |   1288 |  12782 |  20900 |  15 | 2716.4 |
        Temple |     25 |     18 |      7 |      0 |      0 |   1 |   25.0 |
          Lair |  14111 |  13304 |    807 |   2675 |   9257 |   5 | 2822.2 |
  Orcish Mines |   4622 |   4517 |    105 |   1952 |   1767 |   2 | 2311.0 |
               +--------+--------+--------+--------+--------+-----+--------+

Top non-repeatable levels by time:
    D:14: 6419 daAuts
     D:9: 5686 daAuts
  Lair:4: 5445 daAuts
    D:10: 4491 daAuts
     D:8: 3990 daAuts
   Orc:2: 3309 daAuts
  Lair:2: 2509 daAuts
    D:13: 2435 daAuts
     D:2: 2307 daAuts
    D:12: 2258 daAuts
  Lair:1: 2124 daAuts
  Lair:5: 2020 daAuts
  Lair:3: 2012 daAuts
     D:7: 1874 daAuts
    D:11: 1740 daAuts
